 Dungeon Crawl Stone Soup version 0.30.0-29-ga12c61a403 (webtiles) character file.

Game seed: 9183359074485764593

1047 qw the Blocker (level 8, -1/46 HPs)
             Began as a Gargoyle Fighter on June 4, 2023.
             Killed from afar by an orc wizard (9 damage)
             ... with a puff of flame
             ... on level 4 of the Dungeon.
             The game lasted 00:01:44 (2787 turns).

qw the Blocker (Gargoyle Fighter)                   Turns: 2787, Time: 00:01:44

Health: -1/46      AC: 18    Str: 22    XL:     8   Next: 25%
Magic:  8/8        EV:  7    Int:  9    God:
Gold:   202        SH: 14    Dex:  9    Spells: 7/7 levels left

rFire   . . .        Y - +2 war axe
rCold   . . .        j - +0 tower shield
rNeg    + . .        b - +0 scale mail
rPois   inf          r - +0 helmet
rElec   +            (no cloak)
rCorr   .            (no gloves)
SInv    +            g - +0 pair of boots
Will    .....        (no amulet) Stlth
                     f - ring of see invisible
HPRegen 0.27/turn    n - +4 ring of protection
MPRegen 0.11/turn

%: no passive effects
@: no status effects
A: sickness immunity, AC +5, negative energy resistance 1, electricity
resistance, torment resistance 1, petrification resistance
a: no special abilities


You were on level 4 of the Dungeon.
You visited 1 branch of the dungeon, and saw 4 of its levels.

You collected 202 gold pieces.


Innate Abilities, Weirdness & Mutations

You are immune to sickness and miasma.
Your stone body is resilient. (AC +5)
You are immune to poison.
You resist negative energy. (rN+)
You are resistant to electric shocks. (rElec)
You are resistant to unholy torment.
You are immune to petrification.


   Skills:
 + Level 3.5 Fighting
 - Level 5.1 Axes
 - Level 3.2 Armour
 - Level 9.0 Shields


You had 7 spell levels left.
You didn't know any spells.
Your spell library was empty.

Inventory:

Hand Weapons
 q - a +0 flail
 Y - a +2 war axe (weapon)
Missiles
 s - 5 boomerangs (quivered)
Armour
 b - a +0 scale mail (worn)
 c - a +3 leather armour of fire resistance
 e - a +0 cloak
 g - a +0 pair of boots (worn)
 j - a +0 tower shield (worn)
 k - a scarf of invisibility
 r - a +0 helmet (worn)
Jewellery
 f - a ring of see invisible (left hand)
 n - a +4 ring of protection (right hand)
Scrolls
 a - a scroll of identify
 l - 2 scrolls of teleportation {unknown}
Potions
 d - a potion of might
 h - a potion of attraction
 i - a potion of curing
 m - 2 potions of cancellation
 o - 2 potions of lignification

Dungeon Overview and Level Annotations

Branches:
Dungeon (4/15)
 Temple: D:4-7

Altars:
Kikubaaqudgha
Vehumet


Message History

You barely miss the orc wizard.
The orc wizard hits you but does no damage.
The orc wizard points at you and mumbles some strange words.
You resist with some effort. You block the orc wizard's attack.
You closely miss the orc wizard.
The orc wizard is severely wounded.
You hit the orc wizard.
The orc wizard hits you with a +0 dagger.
You block the orc wizard's attack. x2
The orc wizard hits you but does no damage.
You closely miss the orc wizard.
The orc wizard is heavily wounded.
You hit the orc wizard but do no damage.
The orc wizard points at you and mumbles some strange words.
You resist with some effort.
The orc wizard hits you but does no damage.
The orc wizard gestures at you while chanting.
The puff of flame hits you but does no damage.
You hit the orc wizard.
The orc wizard is almost dead.
You hit the orc wizard. You block the orc wizard's attack.
The orc wizard casts a spell at you.
The magic dart hits you but does no damage.
You block the orc wizard's attack.
You slash the orc wizard!
You kill the orc wizard!
You hit the orc wizard. You block the orc wizard's attack.
The orc wizard gestures at you while chanting.
The puff of flame hits you but does no damage.
You block the giant cockroach's attack.
You barely miss the orc wizard.
The orc wizard is severely wounded.
You slash the giant cockroach!
You kill the giant cockroach!
The orc wizard hits you but does no damage.
The orc wizard casts a spell at you. The puff of flame hits you!
You die...

# #.# ...... .....
##..#######
#...)@....#
#.#.o)###.# #+# ###.#
#.# #.# #.###.###.#
#.# #.........#
##.############.#####
##...##.......##.#
#.....#.#####.##.#
.#...##.#####.##.#


You could see an orc wizard (invisible).

Vanquished Creatures
  Duvessa (D:4)
  A phantom (D:4)
  2 necrophages (D:4)
  2 scorpions (D:4)
  3 wights (D:4)
  Dowan (D:4)
  A howler monkey (D:4)
  A human zombie (D:4)
  An orc priest (D:4)
  An iguana (D:4)
  2 scorpion zombies (D:4)
  2 sleepcaps (D:4)
  An orc wizard (D:4)
  A statue (D:3)
  A hound zombie (D:4)
  A mummy (D:4)
  3 gnolls (D:2)
  2 adders
  2 adder zombies (D:4)
  2 dart slugs (D:2)
  2 orcs (D:4)
  4 endoplasms
  3 giant cockroaches
  4 goblins
  5 hobgoblins
  2 jackals (D:1)
  2 quokkas (D:2)
  9 ball pythons
  8 bats
  2 frilled lizards (D:2)
  6 kobolds
  5 rats
83 creatures vanquished.

Notes
Turn   | Place    | Note
-------+----------+-------------------------------------------
     0 | D:1      | qw the Gargoyle Fighter began the quest for the Orb.
     0 | D:1      | Reached XP level 1. HP: 14/14 MP: 1/1
     0 | D:1      | 0 ||| qw: Version: 0.2-a-107-g4668610
     0 | D:1      | 0 ||| qw: Game counter: 1176
     0 | D:1      | 0 ||| qw: Always use a shield: true
     0 | D:1      | 0 ||| qw: God list: Okawaru
     0 | D:1      | 0 ||| qw: Allow faded altars: false
     0 | D:1      | 0 ||| qw: Do Orc after D:15 true
     0 | D:1      | 0 ||| qw: Do second Lair branch before Depths: true
     0 | D:1      | 0 ||| qw: Lair rune preference: random
     0 | D:1      | 0 ||| qw: Plans: Normal, Zot:1-4, Slime:5, God:TSO, Crypt,
                  | Tomb, Abyss, Pan, Hells, Win
     0 | D:1      | 0 ||| PLANNING D:1-11
   223 | D:1      | 223 ||| Stepping ~*~*~tactically~*~*~ (stealth).
   229 | D:1      | Reached XP level 2. HP: 18/19 MP: 2/2
   367 | D:1      | 367 ||| Stepping ~*~*~tactically~*~*~ (stealth).
   369 | D:1      | 369 ||| Stepping ~*~*~tactically~*~*~ (stealth).
   469 | D:1      | Reached skill level 3 in Axes
   488 | D:1      | 488 ||| DROPPING +0 club.
   614 | D:1      | 614 ||| UPGRADING to +0 pair of boots.
   619 | D:1      | 619 ||| READING 4 scrolls labelled AVOLEPLARUKH.
   620 | D:1      | 620 ||| READING scroll labelled XIOMATHR JIYMOAN.
   621 | D:1      | 621 ||| READING 3 scrolls of identify.
   621 | D:1      | 621 ||| IDENTIFYING brown potion
   661 | D:2      | Reached XP level 3. HP: 21/23 MP: 3/3
   668 | D:2      | 668 ||| Stepping ~*~*~tactically~*~*~ (stealth).
   671 | D:2      | 671 ||| Stepping ~*~*~tactically~*~*~ (hiding).
   672 | D:2      | 672 ||| Stepping ~*~*~tactically~*~*~ (hiding).
   673 | D:2      | 673 ||| Stepping ~*~*~tactically~*~*~ (hiding).
   970 | D:2      | 970 ||| Stepping ~*~*~tactically~*~*~ (stealth).
   978 | D:2      | Reached XP level 4. HP: 28/28 MP: 4/4
  1008 | D:2      | 1008 ||| FLEEEEING.
  1009 | D:2      | 1009 ||| FLEEEEING.
  1011 | D:2      | 1011 ||| FLEEEEING.
  1020 | D:2      | 1020 ||| DROPPING +0 whip.
  1071 | D:2      | 1071 ||| Stepping ~*~*~tactically~*~*~ (stealth).
  1172 | D:2      | 1172 ||| UPGRADING to ring of see invisible.
  1173 | D:2      | 1173 ||| UPGRADING to +4 ring of protection.
  1174 | D:2      | 1174 ||| READING scroll labelled OFOKKE PEZAT.
  1275 | D:2      | 1275 ||| READING scroll labelled DAETOEPLEOB.
  1276 | D:2      | 1276 ||| READING scroll labelled CAAFRIPNUTAC.
  1277 | D:2      | 1277 ||| READING 5 scrolls of identify.
  1277 | D:2      | 1277 ||| IDENTIFYING cyan potion
  1278 | D:2      | 1278 ||| READING 4 scrolls of identify.
  1278 | D:2      | 1278 ||| IDENTIFYING ruby potion
  1279 | D:2      | 1279 ||| READING 3 scrolls of identify.
  1279 | D:2      | 1279 ||| IDENTIFYING viscous black potion
  1280 | D:2      | 1280 ||| READING 2 scrolls of identify.
  1280 | D:2      | 1280 ||| IDENTIFYING bubbling puce potion
  1281 | D:2      | 1281 ||| DROPPING potion of flight.
  1368 | D:3      | Found a radiant altar of Vehumet.
  1368 | D:3      | Noticed a charred statue
  1370 | D:3      | 1370 ||| FLEEEEING.
  1371 | D:3      | 1371 ||| FLEEEEING.
  1500 | D:3      | 1500 ||| READING scroll of enchant weapon.
  1500 | D:3      | 1500 ||| ENCHANTING +1 war axe.
  1872 | D:3      | Killed a charred statue
  1873 | D:3      | Reached XP level 5. HP: 14/32 MP: 5/5
  2009 | D:3      | 2009 ||| UPGRADING to +0 tower shield.
  2019 | D:3      | 2019 ||| DROPPING +0 buckler.
  2020 | D:3      | 2020 ||| UPGRADING to +0 helmet.
  2025 | D:3      | 2025 ||| READING scroll labelled INNU HUKLITOGH.
  2026 | D:3      | 2026 ||| READING scroll labelled SINASI VAEMMO.
  2027 | D:3      | 2027 ||| READING scroll labelled FOCUET LIYBIG.
  2028 | D:3      | 2028 ||| READING 2 scrolls of identify.
  2028 | D:3      | 2028 ||| IDENTIFYING metallic pink potion
  2029 | D:3      | 2029 ||| DROPPING potion of degeneration.
  2074 | D:4      | 2074 ||| PLANNING SEWER
  2164 | D:4      | Reached skill level 4 in Shields
  2165 | D:4      | Found an ancient bone altar of Kikubaaqudgha.
  2217 | D:4      | Reached skill level 5 in Shields
  2217 | D:4      | Reached XP level 6. HP: 37/37 MP: 6/6
  2278 | D:4      | Reached skill level 6 in Shields
  2295 | D:4      | Reached XP level 7. HP: 39/41 MP: 7/7
  2308 | D:4      | Reached skill level 7 in Shields
  2393 | D:4      | Noticed Duvessa
  2393 | D:4      | Noticed Dowan
  2412 | D:4      | Killed Dowan
  2413 | D:4      | Killed Duvessa
  2414 | D:4      | Reached skill level 8 in Shields
  2585 | D:4      | Reached XP level 8. HP: 39/46 MP: 8/8
  2768 | D:4      | 2768 ||| Stepping ~*~*~tactically~*~*~ (hiding).
  2769 | D:4      | 2769 ||| Stepping ~*~*~tactically~*~*~ (hiding).
  2781 | D:4      | Reached skill level 9 in Shields
  2781 | D:4      | HP: 8/46 [orc wizard/magic dart (7)]
  2787 | D:4      | Killed from afar by an orc wizard

Levels and vault maps discovered:
D:1:      saegor_arrival_simple_e, layout_rooms
D:2:      layout_rooms, minmay_pentomino_r2
D:3:      layout_loops_ring, vehumet_statue
D:4:      layout_loops_corners, lemuel_mausoleum_altar_kikubaaqudgha,
          gup_ossuary_entry_pyramid, portal_sewer_entry_f,
          nicolae_shop_vocational, uniq_duvessa

Skill      XL: |  1  2  3  4  5  6  7  8 |
---------------+-------------------------+-----
Axes           | 2 3 4 5 |  5.1
Shields        | 5 6 8 9 |  9.0
Fighting       | |  3.5
Armour         | |  3.2

Action                     |  1- 3 |  4- 6 |  7- 9 || total
---------------------------+-------+-------+-------++-------
  Melee: War axe           |   101 |   127 |    83 ||   311
  Throw: Boomerang         |       |     3 |    12 ||    15
    Use: Scroll            |     3 |    12 |       ||    15
 Armour: Scale mail        |    61 |    60 |    48 ||   169
  Dodge: Dodged            |    43 |    30 |    11 ||    84
  Block: Buckler           |    16 |     6 |       ||    22
         Tower shield      |       |    36 |    63 ||    99

Table legend:
 A = Non-vault XP
 B = Vault XP
 C = Vault XP percentage of total XP
 D = Non-vault monster count
 E = Vault monster count
 F = Vault count percentage of total count
                 A         B        C        D         E       F
            +---------+---------+-------+---------+---------+-------
      Total |     671 |     828 |  55.2 |      67 |      16 |  19.3
            +---------+---------+-------+---------+---------+-------
        D:1 |      30 |       0 |   0.0 |      18 |       0 |   0.0
        D:2 |      79 |       2 |   2.5 |      22 |       1 |   4.3
        D:3 |      33 |      32 |  49.2 |      12 |       1 |   7.7
        D:4 |     529 |     794 |  60.0 |      15 |      14 |  48.3
            +---------+---------+-------+---------+---------+-------
